 Dungeon Crawl Stone Soup version 0.17-a0-1435-geafbe2f (console) character file.

109934 Fusha the Bludgeoner (level 16, -5/98 HPs)
             Began as a Gargoyle Berserker on June 26, 2015.
             Was the Champion of Trog.
             Slain by Wiglaf
             ... wielding a +1 war axe of chopping
              (6 damage)
             ... on level 3 of the Snake Pit.
             The game lasted 01:41:13 (24767 turns).

Fusha the Bludgeoner (Gargoyle Berserker)          Turns: 24767, Time: 01:41:14

Health: -5/98      AC: 53    Str: 28    XL:     16   Next: 53%
Magic:  22/22      EV:  9    Int: 16    God:    Trog [******]
Gold:   2506       SH: 20    Dex: 14    Spells: 0 memorised, 15 levels left

rFire  + . .     SeeInvis .     A - +12 mace of Nocihesu {flame, rF+ Int+4}
rCold  . . .     Clarity  +     w - +4 plate armour of the Other Side {rN++ MR+ Int+4}
rNeg   + + +     SustAt   .     u - +5 shield {AC+3}
rPois  ∞         Gourm    +     I - +2 helmet
rElec  +         Spirit   .     t - +2 cloak
rCorr  .         Warding  .     R - +2 pair of gloves
rMut   .         Stasis   .     o - +1 pair of boots
MR     +++..                    M - amulet of the gourmand
Stlth  ..........               K - +3 ring of protection
                                X - +5 ring of dexterity

@: flying, extremely resistant to hostile enchantments, extremely unstealthy
A: big wings, molten scales 1, clarity, magic resistance 1, negative energy
resistance 1, electricity resistance, unbreathing, petrification resistance, rot
immunity, AC +11
a: Stop Flying, Burn Spellbooks, Berserk, Trog's Hand, Brothers in Arms,
Renounce Religion


You were on level 3 of the Snake Pit.
You worshipped Trog.
Trog was exalted by your worship.
You were not hungry.

You visited 4 branches of the dungeon, and saw 27 of its levels.
You also visited: Bailey and Ice Cave.

You collected 3734 gold pieces.
You spent 1228 gold pieces at shops.

Inventory:

Hand weapons
 A - the +12 mace of Nocihesu (weapon) {flame, rF+ Int+4}
   (You found it on level 5 of the Dungeon)

   It has been specially enchanted to burn those struck by it, causing extra
   injury to most foes and up to half again as much damage against particularly
   susceptible opponents.
   It affects your intelligence (+4).
   It protects you from fire.
Missiles
 C - 8 throwing nets (quivered)
Armour
 o - a +1 pair of boots (worn)
 t - a +2 cloak (worn)
 u - a +5 shield of protection (worn)
 w - the +4 plate armour of the Other Side (worn) {rN++ MR+ Int+4}
   (You found it on level 4 of the Dungeon)

   It affects your intelligence (+4).
   It greatly protects you from negative energy.
   It affects your resistance to hostile enchantments.
 I - a +2 helmet (worn)
 R - a +2 pair of gloves (worn)
Jewellery
 j - an uncursed ring of ice
 l - an uncursed ring of fire
 K - a +3 ring of protection (right hand)
 M - an amulet of the gourmand (around neck)
 T - an uncursed amulet of resist mutation
 V - an uncursed amulet of resist corrosion
 X - a +5 ring of dexterity (left hand)
Magical devices
 a - a wand of teleportation (2)
 g - a wand of fire (7)
 r - a wand of draining (7)
 v - a wand of fireball (5)
 B - a wand of invisibility (2)
 D - a wand of disintegration (12)
 J - a wand of paralysis (11)
 L - a wand of cold (4)
 N - a wand of draining (9)
 S - a wand of draining (4)
 Z - a wand of teleportation (4)
Scrolls
 e - 7 scrolls of recharging
 i - 17 scrolls of remove curse
 n - a scroll of fear
 x - 2 scrolls of holy word
 F - a scroll of blinking
 H - a scroll of torment
 U - 3 scrolls of teleportation
Potions
 d - 4 potions of agility
 k - 6 potions of haste
 q - 5 potions of curing
 s - a potion of resistance
 P - 6 potions of heal wounds
Books
 Q - a book of Enchantments

   Spells                             Type                      Level
   a - Cause Fear                     Hexes                        4
   b - Silence                        Hexes/Air                    5
   c - Deflect Missiles               Charms/Air                   6
   d - Haste                          Charms                       6
   e - Discord                        Hexes                        8
   Trog disapproves of the use of such an item.
 Y - a book of the Dragon

   Spells                             Type                      Level
   a - Flame Tongue                   Conjuration/Fire             1
   b - Cause Fear                     Hexes                        4
   c - Bolt of Fire                   Conjuration/Fire             6
   d - Dragon Form                    Transmutation                7
   e - Dragon's Call                  Summoning                    9
   Trog disapproves of the use of such an item.
Miscellaneous
 b - a sack of spiders {used: 4}
 c - a fan of gales
 h - a box of beasts
 m - a sack of spiders
 y - a plain deck of wonders
 z - a sack of spiders
 E - a plain deck of summoning {drawn: 4}
 G - a sack of spiders
Comestibles
 O - 15 bread rations
 W - 3 meat rations


   Skills:
 - Level 10.3 Fighting
 * Level 16.2 Maces & Flails
 + Level 15.5 Armour
 - Level 1.5 Dodging
 - Level 15.0 Shields
 - Level 9.0 Evocations


You had 15 spell levels left.
You didn't know any spells.

Dungeon Overview and Level Annotations

Branches:
Dungeon (12/15)            Temple (0/1) D:4            Lair (8/8) D:10
 Shoals (0/4) Lair:6        Snake (3/4) Lair:4        Slime (0/6) Lair:6
    Orc (4/4) D:12            Elf (0/3) Orc:4

Altars:
Ashenzari
Dithmenos
Gozag
Nemelex Xobeh
Okawaru
Qazlal
Ru
Zin
The Shining One
Jiyva

Shops:
D:8 [   Orc:2 :   Orc:4 [(*:

Annotations:
Snake:3 Wiglaf


Innate Abilities, Weirdness & Mutations

You are resistant to torment.
Your stone body is resilient (AC +11).
You are immune to poison.
Your large and strong wings let you fly indefinitely.
You resist negative energy.
You are resistant to electric shocks.
You can survive without breathing.
You are immune to petrification.
You are immune to rotting.
You are partially covered in molten scales (AC +1).
You possess an exceptional clarity of mind.
You are resistant to hostile enchantments.


Message History

Wiglaf is severely wounded.
Wiglaf hits you with a war axe of chopping.
Wiglaf blocks your attack.
Wiglaf is severely wounded.
Wiglaf hits you but does no damage.
Use which ability? (? or * to list)
Okay, then.
Drop what? 51/52 slots (_ for help) (? for menu, Esc to quit)
You drop a book of Geomancy.
You block Wiglaf's attack.
Use which ability? (? or * to list)
The spellbook bursts into flames.
Trog is delighted!
You feel slightly more hungry.
Wiglaf is engulfed in roaring flames.
Wiglaf hits you with a war axe of chopping!
* * * LOW HITPOINT WARNING * * *
x2 Wiglaf blocks your attack.
Wiglaf is almost dead.
Wiglaf is engulfed in roaring flames.
Wiglaf hits you with a war axe of chopping!!
* * * LOW HITPOINT WARNING * * *
You die...

#.....##.. #........#
##...#..## ###
####.####.##### #...
.#.##....####.....##.?.
..............###....## #
.#.#....#####............
........#######.#.##....#
##..............@g......#
#......##..##......#...#
#.<...####......#../# #
..#### ......##...# .#
...... ##### ...$..
##...# ....


You could see Wiglaf.

Vanquished Creatures
  Kirke (D:12)
  2 greater nagas (Snake:2)
  An orc warlord (Orc:4)
  Nessos (Lair:8)
  Josephine (D:11)
  The ghost of WhatIsLove the Basher, a powerful GrGl of Ashenzari (Orc:2)
  Harold (D:12)
  An ice dragon (Lair:8)
  5 hydras
  10 naga warriors
  3 anacondas (Snake:2)
  7 death yaks
  Urug (Lair:4)
  3 orc high priests (Orc:4)
  2 shock serpents (Snake:2)
  Nergalle (Lair:1)
  3 naga sharpshooters (Snake:2)
  The ghost of WhatIsLove the Protected, an experienced GrGl of Okawaru (D:7)
  2 ice devils (IceCv)
  A salamander mystic (Snake:1)
  A lindwurm (Lair:8)
  3 ice statues (IceCv)
  2 naga ritualists (Snake:2)
  A necromancer (IceCv)
  Pikel (D:5)
  6 orc knights
  A hill giant (D:12)
  5 mana vipers
  2 orc sorcerers (Orc:4)
  3 ugly things
  2 manticores
  A griffon (Lair:8)
  4 salamanders
  6 naga magi
  12 elephants
  Maurice (D:12)
  A centaur zombie (D:12)
  23 black mambas
  7 torpor snails
  16 spiny frogs
  A siren (Lair:6)
  12 komodo dragons
  4 giant leeches (Lair:8)
  A fire drake (Lair:3)
  3 boulder beetles
  3 yaktaurs (D:12)
  7 trolls
  8 blue devils (IceCv)
  A slime creature (Lair:6)
  12 blink frogs
  4 wyverns
  3 deep elf magi
  5 wraiths (D:11)
  58 yaks
  Eustachio (D:5)
  10 hippogriffs
  3 hogs (D:12)
  A basilisk (Lair:2)
  Menkaure (D:5)
  4 wolves (Lair:5)
  2 wargs
  A hungry ghost (D:10)
  20 nagas
  11 porcupines
  2 slaves (D:5)
  16 water moccasins
  2 black bears
  3 phantoms
  2 sky beasts
  7 centaurs
  31 orc warriors
  11 ogres
  An ice beast (D:9)
  5 wasps
  6 necrophages (Lair:5)
  The ghost of trelanon the Twirler, an average GrGl of Vehumet (D:3)
  16 crocodiles
  A big kobold (D:12)
  18 giant frogs
  4 brain worms (Lair:8)
  5 scorpions
  A wyvern skeleton (D:8)
  A wyvern zombie (D:11)
  9 killer bees
  14 wights
  5 crimson imps
  2 draconian simulacra (IceCv)
  An electric eel (D:10)
  A giant frog zombie (D:8)
  8 hounds
  Crazy Yiuf (D:3)
  22 orc priests
  24 orc wizards
  A centaur skeleton (D:4)
  4 jellies
  2 giant frog skeletons
  5 iguanas
  Natasha (thrice) (D:3)
  2 troll simulacra (IceCv)
  17 sheep
  A spriggan simulacrum (IceCv)
  4 centaur simulacra (IceCv)
  11 worker ants
  A hound zombie (D:6)
  A worker ant zombie (D:7)
  7 gnolls
  12 adders
  48 river rats
  A shadow imp (D:9)
  A naga simulacrum (IceCv)
  An ooze (D:1)
  An adder zombie (D:6)
  16 worms
  7 giant geckos
  116 orcs
  6 giant cockroaches
  18 hobgoblins
  13 jackals
  5 quokkas
  2 ball pythons
  16 bats
  A giant gecko skeleton (D:4)
  3 giant newts
  19 goblins
  2 jackal skeletons
  21 kobolds
  12 rats
  3 fungi
  A plant (Lair:8)
926 creatures vanquished.

Vanquished Creatures (collateral kills)
  2 orc warriors (Bailey)
2 creatures vanquished.

Vanquished Creatures (others)
  A human (D:12)
  A hound (D:12)
  An orc wizard (D:10)
  4 orcs
  A hobgoblin (D:5)
  3 fungi
  5 plants (Lair:8)
16 creatures vanquished.

Grand Total: 944 creatures vanquished

Notes
Turn   | Place    | Note
--------------------------------------------------------------
     0 | D:1      | Fusha the Gargoyle Berserker began the quest for the Orb.
     0 | D:1      | Reached XP level 1. HP: 14/14 MP: 1/1
   183 | D:1      | Reached XP level 2. HP: 17/19 MP: 2/2
  1040 | D:2      | Reached XP level 3. HP: 19/23 MP: 3/3
  1117 | D:2      | Acquired Trog's second power
  1352 | D:2      | Found a shattered altar of Ashenzari.
  1371 | D:2      | Reached skill level 4 in Maces & Flails
  1433 | D:2      | Found a sacrificial altar of Ru.
  1433 | D:2      | Found a sparkling altar of Nemelex Xobeh.
  1433 | D:2      | Found an opulent altar of Gozag.
  1435 | D:2      | Found a glowing silver altar of Zin.
  1435 | D:2      | Found a stormy altar of Qazlal.
  1858 | D:3      | Noticed trelanon's ghost (average GrGl)
  1870 | D:3      | Killed trelanon's ghost
  1870 | D:3      | Reached XP level 4. HP: 8/30 MP: 4/4
  1870 | D:3      | Reached XP level 5. HP: 9/34 MP: 5/5
  2164 | D:3      | Found an iron altar of Okawaru.
  2198 | D:3      | Noticed Natasha
  2224 | D:3      | Killed Natasha
  2224 | D:3      | Reached skill level 5 in Maces & Flails
  2329 | D:3      | Noticed Natasha
  2343 | D:3      | Killed Natasha
  2620 | D:3      | Noticed Natasha
  2623 | D:3      | Killed Natasha
  2721 | D:3      | Noticed Crazy Yiuf
  2727 | D:3      | Killed Crazy Yiuf
  2897 | D:4      | Reached XP level 6. HP: 38/40 MP: 6/6
  3149 | D:4      | Reached skill level 5 in Fighting
  3149 | D:4      | Reached skill level 6 in Maces & Flails
  3164 | D:4      | Got an obsidian-encrusted plate armour
  3175 | D:4      | Identified the +4 plate armour of the Other Side {rN++ MR+ Int+4} (You found it on level 4 of the Dungeon)
  3512 | D:4      | Found a staircase to the Ecumenical Temple.
  3606 | D:4      | Found a glowing golden altar of the Shining One.
  3686 | D:4      | Reached XP level 7. HP: 44/44 MP: 7/7
  3895 | D:5      | Entered Level 5 of the Dungeon
  3926 | D:5      | Got a twisted mace
  3927 | D:5      | Identified the +12 mace of Nocihesu {flame, rF+ Int+4} (You found it on level 5 of the Dungeon)
  3932 | D:5      | Noticed Eustachio
  3952 | D:5      | Killed Eustachio
  4041 | D:5      | Noticed Menkaure
  4046 | D:5      | Killed Menkaure
  4137 | D:5      | Noticed Pikel
  4149 | D:5      | Killed Pikel
  4149 | D:5      | Reached skill level 7 in Maces & Flails
  4149 | D:5      | Reached skill level 5 in Armour
  4149 | D:5      | Reached XP level 8. HP: 43/51 MP: 8/8
  4416 | D:5      | Acquired Trog's third power
  4907 | D:6      | Reached skill level 1 in Evocations
  5045 | D:6      | Reached XP level 9. HP: 55/55 MP: 8/10
  5115 | D:6      | Reached skill level 8 in Maces & Flails
  6326 | D:7      | Noticed WhatIsLove's ghost (experienced GrGl)
  6361 | D:7      | Killed WhatIsLove's ghost
  6361 | D:7      | Reached skill level 9 in Maces & Flails
  6469 | D:7      | Gained mutation: You possess an exceptional clarity of mind. [potion of beneficial mutation]
  6938 | D:8      | Reached XP level 10. HP: 60/60 MP: 12/12
  7010 | D:8      | Reached skill level 10 in Maces & Flails
  7445 | D:8      | Found Dukiubok's Antique Armour Boutique.
  7448 | D:8      | Bought a pair of runed gloves for 94 gold pieces
  7448 | D:8      | Bought a runed buckler for 94 gold pieces
  7788 | D:9      | Reached skill level 5 in Evocations
  7825 | D:9      | Reached skill level 11 in Maces & Flails
  8332 | D:10     | Entered Level 10 of the Dungeon
  8345 | D:10     | Found a staircase to the Lair.
  8393 | D:10     | Reached XP level 11. HP: 64/64 MP: 15/15
  8449 | D:10     | Received a gift from Trog
  8456 | D:10     | Found a shadowy altar of Dithmenos.
  9114 | D:10     | Found a stormy altar of Qazlal.
  9224 | Lair:1   | Entered Level 1 of the Lair of Beasts
  9292 | Lair:1   | Noticed Nergalle
  9332 | Lair:1   | Killed Nergalle
  9332 | Lair:1   | Reached skill level 12 in Maces & Flails
  9332 | Lair:1   | Reached skill level 10 in Armour
  9750 | Lair:2   | Noticed a six-headed hydra
  9758 | Lair:2   | Killed a six-headed hydra
 10225 | Lair:2   | Reached XP level 12. HP: 76/76 MP: 16/16
 10608 | Lair:2   | You fall through a shaft!
 10648 | Lair:3   | Received a gift from Trog
 10667 | Lair:3   | Found a frozen archway.
 10671 | IceCv    | Entered an ice cave
 10850 | IceCv    | Reached skill level 10 in Fighting
 11155 | IceCv    | Reached skill level 5 in Shields
 11682 | Lair:3   | Reached skill level 13 in Maces & Flails
 11838 | Lair:2   | Noticed a seven-headed hydra
 11845 | Lair:2   | Killed a seven-headed hydra
 11883 | Lair:3   | Reached XP level 13. HP: 81/83 MP: 17/17
 11928 | Lair:3   | Noticed an eight-headed hydra
 11952 | Lair:3   | Killed an eight-headed hydra
 12449 | Lair:4   | Found a staircase to the Snake Pit.
 12732 | Lair:4   | Noticed Urug
 12748 | Lair:4   | Killed Urug
 13785 | Lair:6   | Reached skill level 10 in Shields
 13792 | Lair:6   | Received a gift from Trog
 14107 | Lair:6   | Found a staircase to the Shoals.
 14187 | Lair:6   | Found a staircase to the Slime Pits.
 14286 | Lair:6   | Found a viscous altar of Jiyva.
 14465 | Lair:6   | Got a shimmering glass ring
 14467 | Lair:6   | Identified the ring "Beesihen" {rElec Str-3 Int+4 Dex+5 Stlth+} (You found it on level 6 of the Lair of Beasts)
 14666 | Lair:7   | Gained mutation: Your large and strong wings let you fly indefinitely. [Gargoyle growth]
 14666 | Lair:7   | Reached XP level 14. HP: 81/88 MP: 18/18
 14726 | Lair:7   | Reached skill level 14 in Maces & Flails
 14752 | Lair:7   | Gained mutation: You are partially covered in molten scales (AC +1). [potion of beneficial mutation]
 14755 | Lair:7   | Gained mutation: You are resistant to hostile enchantments. [potion of beneficial mutation]
 15033 | Lair:7   | Received a gift from Trog
 15577 | Lair:8   | Entered Level 8 of the Lair of Beasts
 16038 | Lair:8   | Received a gift from Trog
 16237 | Lair:8   | Noticed Nessos
 16262 | Lair:8   | Killed Nessos
 16589 | Lair:8   | Found a runed door.
 17826 | D:11     | Noticed Josephine
 17845 | D:11     | Killed Josephine
 17920 | D:11     | Received a gift from Trog
 17920 | D:11     | Reached XP level 15. HP: 87/92 MP: 19/19
 18136 | D:11     | Found a shattered altar of Ashenzari.
 18358 | D:12     | Noticed Maurice
 18366 | D:12     | Killed Maurice
 18367 | D:12     | Found a staircase to the Orcish Mines.
 18690 | D:12     | Reached skill level 15 in Maces & Flails
 18705 | D:12     | Noticed Harold
 18718 | D:12     | Killed Harold
 18730 | D:12     | Noticed Kirke
 18736 | D:12     | Killed Kirke
 19082 | D:12     | Received a gift from Trog
 19083 | D:12     | Got an iridescent flail {god gift}
 19085 | D:12     | Identified the +6 flail of Ajesal {god gift, freeze, -Tele rElec rC+} (Trog gifted it to you on level 12 of the Dungeon)
 19108 | Orc:1    | Entered Level 1 of the Orcish Mines
 19482 | Orc:2    | Noticed WhatIsLove's ghost (powerful GrGl)
 19537 | Orc:2    | Killed WhatIsLove's ghost
 19538 | Orc:2    | Found Gube's Book Emporium.
 19581 | Orc:2    | Received a gift from Trog
 20120 | Orc:3    | Found a flagged portal.
 20197 | Bailey   | Entered a bailey
 20549 | Orc:4    | Entered Level 4 of the Orcish Mines
 20549 | Orc:4    | Found Reamaucw's Antique Weapon Boutique.
 20643 | Orc:4    | Received a gift from Trog
 21195 | Orc:4    | Found Tyxzoe's Book Shop.
 21250 | Orc:4    | Found Pounaj's General Store.
 21672 | Orc:4    | Found Dehosyxt's Antique Armour Shop.
 21680 | Orc:4    | Bought a shimmering plate armour for 896 gold pieces
 21680 | Orc:4    | Bought a shiny helmet for 144 gold pieces
 21690 | Orc:4    | Identified the +3 plate armour of Submission {rElec} (You bought it in a shop on level 4 of the Orcish Mines)
 21722 | Orc:4    | Found a staircase to the Elven Halls.
 21735 | Orc:4    | Reached skill level 15 in Shields
 22224 | Snake:1  | Entered Level 1 of the Snake Pit
 22610 | Snake:1  | Received a gift from Trog
 23301 | Snake:1  | Reached skill level 15 in Armour
 23301 | Snake:1  | Reached XP level 16. HP: 96/98 MP: 21/21
 23521 | Snake:1  | You are sucked into a shaft!
 24498 | Snake:2  | Reached skill level 16 in Maces & Flails
 24502 | Snake:2  | Received a gift from Trog
 24717 | Snake:3  | Noticed Wiglaf
 24767 | Snake:3  | HP: 1/98 [Wiglaf/war axe of chopping (19)]
 24767 | Snake:3  | Slain by Wiglaf

Vault maps used:
D:1:      lightli_arrival_maybe_door_vault, minivault_5,
          kennysheep_pointless_box, minmay_misc_feat_columns,
          minmay_fountain_box
D:2:      grunt_temple_overflow_open
D:3:      okawaru_ov_weapons_minmay, uniq_crazy_yiuf_cottage, uniq_natasha
D:4:      tso_altar, minmay_temple_entry_enclosed_plants
D:5:      first_bread, minivault_5, uniq_menkaure, uniq_eustachio, uniq_pikel
D:6:      kennysheep_generic_room_6
D:8:      serial_shops, kennysheep_mini, grunt_ogre_cave, minmay_holes
D:10:     due_lair_maze_entry_diamond, grunt_ministairs_5,
          kennysheep_flooded_box, kennysheep_big_empty_room,
          minmay_statues_item, dk_noncrumbling_3, hangedman_feature_mirror
D:11:     basic_altar, uniq_josephine
D:12:     orc_0_dummy, uniq_maurice, uniq_kirke, uniq_harold
Lair:1:   uniq_nergalle
Lair:2:   beast_lair_carwin_8
Lair:3:   portal_ice_cave_entry_pillars_03, serial_bayou_shore_b,
          grunt_megastairs_1
Lair:4:   dummy_snake_entry, nicolae_quartered_pool_super, serial_bayou_pond_d,
          grunt_megastairs_2, uniq_urug
Lair:5:   roderic_carrion_pond
Lair:6:   minmay_shoals_entry_lonely_mermaid, slime_altar_1
Lair:8:   wormcave, uniq_nessos
Snake:2:  basic_stair_grate_trap
Snake:3:  serial_shops, statue_bzr, corexii_hall_statues_i, uniq_wiglaf
Orc:2:    serial_shops, shop_coins
Orc:3:    enter_bailey_3, nicolae_orc_pool_cavern, rock_pile, uniq_maud
Orc:4:    grunt_orc_gardens, grunt_orc_garden, grunt_orc_garden,
          grunt_orc_garden, grunt_orc_garden, nicolae_orc_tapped_out
Bailey:   bailey_polearm_4, bailey
IceCv:    ice_cave_tombish

Action                   |  1- 3 |  4- 6 |  7- 9 | 10-12 | 13-15 | 16-18 || total
-------------------------+-------+-------+-------+-------+-------+-------++-------
Melee: Mace              |   125 |     4 |   214 |   622 |  1815 |   333 ||  3113
       Hand axe          |       |   126 |     3 |       |       |       ||   129
Throw: Throwing net      |       |       |     1 |       |       |       ||     1
Invok: Berserk           |     1 |       |       |       |       |       ||     1
       Burn Spellbooks   |       |       |       |     2 |     4 |     1 ||     7
 Abil: Fly               |       |       |       |       |     2 |       ||     2
       Stop Flying       |       |       |       |       |     1 |       ||     1
Evoke: Wand              |       |       |       |     2 |       |       ||     2
       Deck              |       |       |       |       |     4 |       ||     4
       Sack of spiders   |       |       |       |       |     4 |       ||     4
  Use: Scroll            |       |       |    14 |    16 |    13 |     2 ||    45
       Potion            |       |       |     1 |       |     3 |       ||     4
 Stab: Sleeping          |     1 |       |       |       |       |       ||     1
  Eat: Bread ration      |     1 |     1 |     1 |       |       |       ||     3
       Chunk             |       |     1 |     3 |    19 |    40 |     4 ||    67
       Fruit             |       |       |     5 |       |       |       ||     5
